 Dungeon Crawl Stone Soup version 0.29.1-15-g9cfb28693d (webtiles) character file.

Game seed: 8101605845360298734

17997 H0rd4k the Martial Artist (level 12, 0/76 HPs)
             Began as an Octopode Artificer on Mar 29, 2023.
             Was an Initiate of Gozag.
             Slain by a catoblepas (15 damage)
             ... while petrified by a catoblepas
             ... on level 11 of the Dungeon.
             The game lasted 00:19:20 (10894 turns).

H0rd4k the Martial Artist (Octopode Artificer)     Turns: 10894, Time: 00:19:21

Health: 0/76       AC:  1    Str: 15    XL:     12   Next: 53%
Magic:  35/35      EV:  2    Int: 18    God:    Gozag
Gold:   1033       SH:  0    Dex: 15    Spells: 22/32 levels left

rFire   + + .      SeeInvis +   E - +11 trident of Awkwardness {holy, rF++ rN+++ rCorr Dex-4}
rCold   + . .      Faith    .   (no shield)
rNeg    + + +      Spirit   .   (helmet restricted)
rPois   ∞          Reflect  +   K - amulet of reflection
rElec   .          Harm     .   f - +4 ring of evasion
rCorr   +          Rampage  .   b - ring of Orator {rN+ Str+4}
Will    .....                   l - +4 ring of slaying
Stlth   +++.......              x - ring of positive energy
HPRegen 0.22/turn               y - ring of protection from cold
MPRegen 0.24/turn               z - +6 ring of dexterity
                                D - ring of see invisible
                                F - ring of magical power

@: petrified
A: almost no armour, amphibious, 8 rings, camouflage 1, gelatinous body 1,
(nimble swimmer 1), tentacles
a: Renounce Religion, Potion Petition, Call Merchant, Bribe Branch


You were on level 11 of the Dungeon.
You worshipped Gozag.
Gozag was most pleased with you.
You visited 3 branches of the dungeon, and saw 14 of its levels.

You collected 2231 gold pieces.
You spent 589 gold pieces at shops.
You paid 609 gold pieces to Gozag.

Inventory:

Hand Weapons
 E - the +11 trident of Awkwardness (weapon) {holy, rF++ rN+++ rCorr Dex-4}
   (You found it on level 7 of the Dungeon)

   It has been blessed by the Shining One to cause great damage to the undead
   and demons.
   Dex:       It affects your dexterity (-4).
   rF:        It greatly protects you from fire.
   rN:        It renders you almost immune to negative energy.
   rCorr:     It protects you from acid and corrosion.
Missiles
 v - 22 poisoned darts (quivered)
Jewellery
 a - an amulet of regeneration
 b - the ring of Orator (right tentacle) {rN+ Str+4}
   (You bought it in a shop on level 11 of the Dungeon)

   [ring of positive energy]

   Str:       It affects your strength (+4).
   rN:        It protects you from negative energy.
 f - a +4 ring of evasion (left tentacle)
 l - a +4 ring of slaying (on tentacle)
 x - a ring of positive energy (on tentacle)
 y - a ring of protection from cold (on tentacle)
 z - a +6 ring of dexterity (on tentacle)
 D - a ring of see invisible (on tentacle)
 F - a ring of magical power (on tentacle)
 K - an amulet of reflection (around mantle)
Wands
 c - a wand of charming (5)
 r - a wand of digging (4)
 N - a wand of polymorph (10)
Scrolls
 h - a scroll of poison
 i - a scroll of immolation {unknown}
 k - a scroll of butterflies
 m - a scroll of amnesia
 n - a scroll of blinking {unknown}
 s - 2 scrolls of vulnerability
 u - 4 scrolls of teleportation
 A - a scroll of fear
 C - 3 scrolls of noise
 G - 2 scrolls of enchant weapon
 L - a scroll of brand weapon
 O - a scroll of magic mapping
 P - 2 scrolls of enchant armour
 T - a scroll of summoning {unknown}
 V - a scroll of acquirement {unknown}
Potions
 d - a potion of heal wounds {unknown}
 e - 3 potions of flight {unknown}
 j - 3 potions of brilliance {unknown}
 o - a potion of invisibility {unknown}
 q - a potion of berserk rage {unknown}
 t - 2 potions of haste
 w - 4 potions of curing
 B - a potion of resistance {unknown}
 H - a potion of degeneration {unknown}
 I - a potion of might {unknown}
 J - a potion of mutation {unknown}
 M - a potion of ambrosia {unknown}
 Q - a potion of magic {unknown}
 R - a potion of lignification {unknown}


   Skills:
 - Level 4.8 Fighting
 - Level 6.8 Polearms
 * Level 7.5 Throwing
 - Level 2.3 Dodging
 - Level 1.3 Stealth
 - Level 10.6 Unarmed Combat
 * Level 10.6 Spellcasting
 * Level 0.2 Summonings
 + Level 6.2 Ice Magic
 - Level 3.2 Evocations


You had 22 spell levels left.
You knew the following spells:

 Your Spells              Type           Power      Damage    Failure   Level
a - Ozocubu's Armour      Ice            32%        N/A       1%          3
b - Summon Small Mammal   Summ           40%        N/A       7%          1
c - Call Canine Familiar  Summ           10%        N/A       21%         3
d - Summon Guardian Gole  Hex/Summ       10%        N/A       22%         3

Your spell library contained the following spells:

 Spells                   Type           Power      Damage    Failure   Level
 Ensorcelled Hibernation  Hex/Ice        40%        N/A       3%          2
 Beastly Appendage        Tmut           18%        N/A       8%          1
 Magic Dart               Conj           36%        1d4       8%          1
 Necrotise                Necr           36%        1d5       8%          1
 Passwall                 Tmut/Erth      7%         N/A       12%         2
 Searing Ray              Conj           18%        2d5       12%         2
 Sublimation of Blood     Necr           9%         N/A       12%         2
 Wereblood                Tmut           9%         N/A       12%         2
 Ignite Poison            Fire/Tmut/Pois 9%         N/A       22%         3
 Mephitic Cloud           Conj/Pois/Air  9%         N/A       22%         3
 Spider Form              Tmut/Pois      9%         N/A       22%         3
 Swiftness                Air            9%         N/A       22%         3
 Tukima's Dance           Hex            9%         N/A       22%         3
 Vampiric Draining        Necr           9%         2d6       22%         3
 Anguish                  Hex/Necr       4%         N/A       58%         4
 Fulminant Prism          Conj/Hex       4%         3d6       58%         4
 Passage of Golubria      Tloc           9%         N/A       58%         4
 Petrify                  Tmut/Erth      9%         N/A       58%         4
 Freezing Cloud           Conj/Ice/Air   8%         6-21      65%         5
 Agony                    Necr           9%         N/A       91%         5
 Irradiate                Conj/Tmut      4%         3d13      91%         5
 Yara's Violent Unravell  Hex/Tmut       4%         3d4       91%         5
 Ozocubu's Refrigeration  Ice            16%        4d11      99%         7


Dungeon Overview and Level Annotations

Branches:
Dungeon (12/15)            Temple (1/1) D:6            Lair (1/5) D:11
    Orc (0/2) D:9

Altars:
Ashenzari
Cheibriados
Dithmenos
Elyvilon
Fedhas
Gozag
Hepliaklqana
Kikubaaqudgha
Makhleb
Nemelex Xobeh
Okawaru
Qazlal
Ru
Sif Muna
Trog
Uskayaw
Vehumet
Wu Jian
Xom
Yredelemnul
Zin
The Shining One

Shops:
D:2 (   D:6 =   D:11 =

Annotations:
D:4 1 runed translucent door, exclusion: door, vvl's ghost, amateur DsEE
D:9 exclusion: downstairs
D:10 exclusions: 2 downstairs and ugly thing
D:11 exclusion: ugly thing


Innate Abilities, Weirdness & Mutations

You cannot wear most types of armour.
You are amphibious.
You can wear up to eight rings at the same time.
Your skin changes colour to match your surroundings (Stealth+).
Your rubbery body absorbs attacks. (AC +1, EV +1)
((You are camouflaged when in or above water. (Stealth+)))
You have tentacles for arms and can constrict up to eight enemies at once.


Message History

The catoblepas bellows!
The catoblepas resists with almost no effort.
The now-empty wand crumbles to dust.
Unknown command.
You reach to attack!
You impale the catoblepas!!
The catoblepas is moderately wounded.
You hit the catoblepas.
The catoblepas is moderately wounded.
The catoblepas closely misses you.
You puncture the catoblepas! You squeeze the catoblepas.
The catoblepas is heavily wounded.
The catoblepas gores you!!
You hit the catoblepas but do no damage.
You squeeze the catoblepas, but do no damage.
The catoblepas is moderately wounded.
The catoblepas gores you.
You hit the catoblepas.
The catoblepas is heavily wounded.
You block the catoblepas's attack.
You completely miss the catoblepas.
You squeeze the catoblepas, but do no damage.
The catoblepas is heavily wounded.
The catoblepas breathes a plume of calcifying dust at you.
The blast of calcifying dust hits you.
You puncture the catoblepas!
The catoblepas is heavily wounded.
You are engulfed in calcifying dust.
You are slowing down.
The catoblepas breathes a plume of calcifying dust at you.
The blast of calcifying dust hits you.
You puncture the catoblepas!
The catoblepas is severely wounded.
You are engulfed in calcifying dust.
Your limbs have turned to stone.
The catoblepas gores you!!
You have turned to stone.
You are engulfed in calcifying dust.
The catoblepas gores you! The catoblepas gores you!!
* * * LOW HITPOINT WARNING * * *
The catoblepas gores you!!
You die...
Your body crumbles into a pile of gold.

≈##...#.##...#......##...#.......
.....##.##...##......#...####'#..
≈##.....'.....#......#........#..
.~##....#.....#......#........#..
.~.#....#.....'......#........#..
~..##...#######......#...##...#..
...########.....######...##...###
####......#....Y#...'....#....#..
..........'.....@...#....#....#..
..........#.....#§..#....#....#..
#..#######...#########.####...##.
#..###.##.....## ######...##.
#....'.#.......# #........
#....#.#.....P.## #........
#....#..........# #........
#....#..........## #........
######=..∩.>.....########'######.


You could see a catoblepas.

Vanquished Creatures
  Josephine (D:11)
  Erica (D:9)
  3 two-headed ogres (D:11)
  Amaemon (D:10)
  A manticore (D:11)
  An ugly thing (D:11)
  An elephant (D:11)
  A gargoyle (D:10)
  An orange demon (D:10)
  2 cane toads (Lair:1)
  A rime drake (Lair:1)
  4 komodo dragons
  2 hornets
  A troll (D:11)
  5 wraiths
  2 wyverns
  22 yaks
  A steam dragon (D:7)
  A golden eye (D:8)
  2 basilisks
  Menkaure (D:4)
  2 acid dragons
  4 water moccasins
  An orc warrior (D:9)
  2 sky beasts
  4 black bears
  An ice beast (D:7)
  5 ogres
  4 centaurs
  A phantom (D:6)
  A kobold brigand (D:7)
  3 bullfrogs
  A gnoll sergeant (D:6)
  2 necrophages
  4 scorpions
  6 wights
  10 killer bees (D:9)
  6 howler monkeys
  4 hounds
  6 orc priests
  3 iguanas
  6 orc wizards
  6 adders
  4 gnolls
  2 ufetubi
  A dart slug (D:3)
  47 orcs
  6 ball pythons
  5 endoplasms
  3 giant cockroaches
  7 goblins
  7 hobgoblins
  3 jackals (D:2)
  10 kobolds
  3 quokkas
  11 bats
  7 frilled lizards
  4 rats
257 creatures vanquished.

Vanquished Creatures (collateral kills)
  Sonja (D:11)
  A yak (D:9)
  An ogre (D:6)
  2 scorpions (D:5)
  A wight (D:6)
  An adder (D:5)
  A kobold (D:4)
8 creatures vanquished.

Vanquished Creatures (others)
  A yak (D:9)
  A basilisk (D:11)
  2 scorpions (D:5)
  An orc wizard (D:8)
  8 fungi (D:5)
  2 plants (D:5)
15 creatures vanquished.

Grand Total: 280 creatures vanquished

Notes
Turn   | Place    | Note
-------+----------+-------------------------------------------
     0 | D:1      | H0rd4k the Octopode Artificer began the quest for the Orb.
     0 | D:1      | Reached XP level 1. HP: 13/13 MP: 1/1
   229 | D:1      | Reached XP level 2. HP: 9/18 MP: 2/2
   501 | D:1      | Reached skill level 1 in Spellcasting
   813 | D:1      | Reached XP level 3. HP: 19/24 MP: 4/4
  1129 | D:2      | Reached skill level 1 in Unarmed Combat
  1241 | D:2      | Found Bager's Weapon Shoppe.
  1322 | D:2      | Reached XP level 4. HP: 30/30 MP: 6/6
  1849 | D:3      | Found a faded altar of an unknown god.
  1867 | D:3      | Found a glowing silver altar of Zin.
  1941 | D:3      | Reached XP level 5. HP: 33/36 MP: 8/8
  2078 | D:3      | Found a white marble altar of Elyvilon.
  2262 | D:4      | Noticed Menkaure
  2267 | D:4      | Killed Menkaure
  2268 | D:4      | Reached XP level 6. HP: 42/42 MP: 8/10
  2435 | D:4      | Reached XP level 7. HP: 43/46 MP: 11/11
  2513 | D:4      | Found a runed translucent door.
  2513 | D:4      | Noticed vvl's ghost (amateur DsEE)
  2592 | D:4      | Reached skill level 5 in Unarmed Combat
  2781 | D:5      | Entered Level 5 of the Dungeon
  2922 | D:5      | Reached XP level 8. HP: 53/53 MP: 13/13
  3344 | D:6      | Found a glowing golden altar of the Shining One.
  3514 | D:6      | Identified the +6 scale mail of Vehumet's Condemnation
                  | {rElec}
  3687 | D:6      | Reached XP level 9. HP: 54/58 MP: 15/15
  3715 | D:6      | Found an ornate altar of the Wu Jian Council.
  3734 | D:6      | Found a staircase to the Ecumenical Temple.
  3744 | Temple   | Entered the Ecumenical Temple
  3834 | Temple   | Became a worshipper of Gozag Ym Sagoz the Greedy
  3903 | D:6      | Found Ydips's Jewellery Shoppe.
  3906 | D:6      | Bought a ring of see invisible for 165 gold pieces
  4035 | D:6      | Found a bloodstained altar of Trog.
  4080 | D:6      | Found a sacrificial altar of Ru.
  4422 | D:7      | Identified the +11 trident of Awkwardness {holy, rF++ rN+++
                  | rCorr Dex-4}
  4436 | D:7      | Reached skill level 10 in Unarmed Combat
  4436 | D:7      | Reached skill level 5 in Spellcasting
  4554 | D:7      | Reached skill level 1 in Polearms
  4806 | D:7      | Found a sparkling altar of Nemelex Xobeh.
  4910 | D:7      | Reached skill level 1 in Throwing
  5490 | D:8      | Reached XP level 10. HP: 65/65 MP: 18/18
  6242 | D:9      | Reached skill level 5 in Polearms
  6297 | D:9      | Noticed Erica
  6309 | D:9      | Killed Erica
  6468 | D:9      | Learned a level 3 spell: Ozocubu's Armour
  6595 | D:9      | Reached skill level 1 in Ice Magic
  6595 | D:9      | Reached XP level 11. HP: 48/70 MP: 22/22
  6804 | D:9      | Found a staircase to the Orcish Mines.
  7019 | D:10     | Entered Level 10 of the Dungeon
  7019 | D:10     | Noticed a cyan ugly thing
  7111 | D:10     | Noticed Amaemon
  7419 | D:10     | Found a shadowy altar of Dithmenos.
  7689 | D:10     | Killed Amaemon
  7749 | D:11     | Noticed a catoblepas
  7749 | D:11     | Noticed a manticore
  7788 | D:11     | Noticed Josephine
  7828 | D:11     | Noticed a two-headed ogre
  7831 | D:11     | Killed a two-headed ogre
  7905 | D:11     | Noticed a cyan ugly thing
  7962 | D:11     | Found a staircase to the Lair.
  7967 | D:11     | Noticed Sonja
  7972 | D:11     | Killed Sonja
  7973 | D:11     | Reached skill level 5 in Ice Magic
  8242 | D:11     | Killed Josephine
  8339 | D:11     | Noticed a two-headed ogre
  8409 | D:11     | Noticed a two-headed ogre
  8418 | D:11     | Killed a two-headed ogre
  8419 | D:11     | Reached XP level 12. HP: 76/76 MP: 25/25
  8503 | D:11     | Reached skill level 10 in Spellcasting
  8576 | Lair:1   | Entered Level 1 of the Lair of Beasts
  8595 | Lair:1   | Reached skill level 5 in Throwing
  9056 | Lair:1   | Learned a level 1 spell: Summon Small Mammal
  9062 | Lair:1   | Learned a level 3 spell: Call Canine Familiar
  9066 | Lair:1   | Learned a level 3 spell: Summon Guardian Golem
  9747 | D:11     | Noticed a two-headed ogre
  9761 | D:11     | Killed a two-headed ogre
 10405 | D:11     | Bought the ring of Orator {rN+ Str+4} for 424 gold pieces
 10894 | D:11     | Slain by a catoblepas

Illustrated notes

Levels and vault maps discovered:
D:1:      lightli_arrival_maybe_door_vault, layout_rooms
D:2:      wad_crossroads, layout_basic, serial_shops, shop_fountains
D:3:      layout_rooms, zin_scriptorium, marbit_many_paths,
          shapermc_ecumenical_altar_notcrosses
D:4:      layout_rooms, gammafunk_ghost_grave, dreamdust_princess_corridor,
          hangedman_decor_clover_reticule, uniq_menkaure
D:5:      old_forge, layout_rooms, serial_park_tiny_pond,
          kennysheep_generic_room_14
D:6:      layout_cave_pools, nzn_wu_jian_council_hall, trog_antimagical,
          nicolae_ru_the_path_less_chosen, nicolae_tso_carved_into_rock,
          temple_green, serial_shops, kennysheep_mini_moat
D:7:      layout_basic, nemelex_spade_bored_becter, minmay_misc_feat_chi,
          st_stairs_3
D:8:      layout_loops_corners, grunt_ministairs_14
D:9:      layout_roguey, hiddenorc1_lemuel, uniq_erica
D:10:     layout_long_grid, grunt_dithmenos_smoke, uniq_amaemon
D:11:     nzn_motion_control, layout_gridville, david_lair_generic, uniq_sonja,
          uniq_josephine
D:12:     layout_small_grid, gauntlet_entry_generic, minmay_shop_grid_forest,
          nicolae_concentric_dashed_squares_mild
Temple:   nicolae_temple_great_sept
Lair:1:   layout_regular_city

Skill      XL: |  1  2  3  4  5  6  7  8  9 10 11 12 |
---------------+-------------------------------------+-----
Spellcasting   | 1 2 3 4 5 7 9 10 | 10.6
Fighting       | 2 3 4 |  4.8
Unarmed Combat | 1 2 4 6 9 10 | 10.6
Polearms       | 3 6 |  6.8
Throwing       | 1 4 7 |  7.5
Ice Magic      | 1 6 |  6.2
Dodging        | |  2.3
Stealth        | |  1.3
Summonings     | |  0.2
Evocations     | |  3.2

Action                   |  1- 3 |  4- 6 |  7- 9 | 10-12 || total
-------------------------+-------+-------+-------+-------++-------
Melee: Unarmed           |    84 |    79 |   111 |       ||   274
       Constrict         |    26 |    22 |    35 |    26 ||   109
       Tentacles         |    19 |    16 |    34 |    57 ||   126
       Punch             |     2 |     2 |    12 |    20 ||    36
       Trident           |       |       |    53 |   304 ||   357
Throw: Dart              |       |       |     5 |    76 ||    81
Invok: Call Merchant     |       |       |       |     1 ||     1
Evoke: Wand              |     2 |    11 |    14 |    22 ||    49
  Use: Scroll            |       |       |       |    12 ||    12
 Stab: Sleeping          |     1 |    11 |    10 |     6 ||    28
       Distracted        |       |       |     2 |     3 ||     5
       Held in net/web   |       |       |     1 |       ||     1
Armor: Skin              |     3 |       |     1 |     3 ||     7
Dodge: Dodged            |    69 |    54 |   105 |   193 ||   421
Block: Other             |       |       |       |     1 ||     1
